 Dungeon Crawl Stone Soup version 0.30-a0-371-gad7725a93e (webtiles) character file.

Game seed: 12032891757623285399

4125 JOEMAMA2 the Fighter (level 10, 0/91 HPs)
             Began as a Minotaur Berserker on Nov 20, 2022.
             Was an Elder of Trog.
             Killed from afar by Lodul (7 damage)
             ... with a bolt of lightning
             ... on level 11 of the Dungeon.
             The game lasted 00:14:38 (6970 turns).

JOEMAMA2 the Fighter (Minotaur Berserker)           Turns: 6970, Time: 00:14:39

Health: 0/91       AC: 18    Str: 25    XL:     10   Next: 6%
Magic:  9/9        EV: 26    Int:  4    God:    Trog [****..]
Gold:   54         SH:  0    Dex: 17    Spells: 9/9 levels left

rFire   . . .      SeeInvis .    E - +3 broad axe (vorpal)
rCold   . . .      Faith    .    (no shield)
rNeg    . . .      Spirit   .    r - +4 plate armour
rPois   .          Reflect  .    (helmet restricted)
rElec   .          Harm     .    (no cloak)
rCorr   .          Rampage  .    (no gloves)
Will    .....                    (no boots)
Stlth   ..........               x - amulet of the acrobat
HPRegen 0.35/turn                y - +6 ring of dexterity
MPRegen 0.11/turn                (no ring)

@: on berserk cooldown, acrobatic, slowed, very slow
A: horns 2, retaliatory headbutt
a: Renounce Religion, Berserk, Trog's Hand, Brothers in Arms


You were on level 11 of the Dungeon.
You worshipped Trog.
Trog was greatly pleased with you.
You visited 1 branch of the dungeon, and saw 9 of its levels.

You collected 389 gold pieces.
You spent 335 gold pieces at shops.

Inventory:

Hand Weapons
 b - a +3 battleaxe
 E - a +3 vorpal broad axe (weapon)
Armour
 r - a +4 plate armour (worn)
Jewellery
 e - an amulet of faith
 x - an amulet of the acrobat (around neck)
 y - a +6 ring of dexterity (left hand)
Wands
 d - a wand of quicksilver (20)
Scrolls
 a - 2 scrolls of butterflies {unknown}
 h - a scroll of fear
 s - a scroll of brand weapon
 v - 6 scrolls of identify
 C - a scroll of enchant weapon
Potions
 c - 3 potions of heal wounds
 t - a potion of ambrosia
 u - a potion of curing


   Skills:
 + Level 9.5 Fighting
 + Level 9.5 Axes
 + Level 9.1 Armour
 + Level 8.2 Dodging


You had 9 spell levels left.
You didn't know any spells.
Your spell library was empty.

Dungeon Overview and Level Annotations

Branches:
Dungeon (8/15)             Temple (0/1) D:7
   Lair: D:8-11

Altars:
Elyvilon
Gozag
Kikubaaqudgha
Okawaru
Qazlal
Uskayaw
Yredelemnul

Shops:
D:2 [   D:4 :   D:6 *

Annotations:
D:11 3 runed translucent doors, GiantSquids's ghost, journeyman GrEE; Lodul


Innate Abilities, Weirdness & Mutations

You have a pair of horns on your head.
You reflexively headbutt those who attack you in melee.


Message History

You slash the ogre!
You kill the ogre!
Trog accepts your kill.
You barely miss the ogre.
You are no longer berserk.
You are exhausted.
You feel yourself slow down. The ogre barely misses you.
You furiously retaliate!
You headbutt the ogre. You barely miss the ogre. You headbutt the ogre.
The ogre is lightly wounded.
The ogre closely misses you.
You closely miss the ogre.
The ogre is lightly wounded.
The ogre misses you. You furiously retaliate!
You headbutt the ogre. You hit the ogre.
The ogre is moderately wounded.
The ogre hits you with a +0 giant spiked club!
Your ogre goes berserk!
The ogre misses you.
Your ogre barely misses the ogre.
The ogre attacks as you move away! The ogre misses you.
Your ogre hits the ogre with a +0 giant club!!
The ogre dies!
Trog accepts your kill.
Your ogre hits the ogre with a +0 giant club!
The ogre completely misses your ogre.
Your ogre hits the ogre with a +0 giant club!!
The ogre dies!
Trog accepts your kill.
Electricity crackles from Lodul's apparatus.
The bolt of lightning hits you!!
* * * LOW HITPOINT WARNING * * *
You feel better.
Lodul is no longer unusually resistant.
Electricity crackles from Lodul's apparatus.
The bolt of lightning hits you!
* * * LOW HITPOINT WARNING * * *
Your ogre hits Lodul with a +0 giant club!!!
Electricity crackles from Lodul's apparatus.
The bolt of lightning hits you!
You die...

#.#.........#..##.....#.##
######.#.).......#.......#.....
#......'.........#.....###.####
##.###.#.........#.....# .# .
#.....#.........#..#.##
#######.........#..#..
#.........#.....#
#.........#.....# #......@..#
#.........# # #########O# . #O#
... ## ..... .. ......# ..
.......# .. ........# ..


You could see Lodul (ally target) and a friendly ogre (summoned, berserk).

Vanquished Creatures
  Psyche (D:11)
  A troll (D:11)
  3 vampire mosquitoes (D:11)
  2 water moccasins
  An ice beast (D:6)
  2 black bears
  An orc warrior (D:8)
  9 ogres
  3 centaurs (D:7)
  3 phantoms
  A bullfrog (D:8)
  2 scorpions
  6 wights
  2 howler monkeys
  6 hounds
  2 jellies
  3 iguanas
  10 orc wizards
  3 adders
  3 white imps
  An ufetubus (D:4)
  A worm (D:4)
  4 dart slugs
  27 orcs
  5 endoplasms
  3 giant cockroaches
  4 goblins
  11 hobgoblins
  3 jackals (D:5)
  6 kobolds
  3 quokkas
  2 ball pythons
  5 bats
  2 frilled lizards
  2 rats (D:1)
143 creatures vanquished.

Vanquished Creatures (collateral kills)
  2 ogres (D:11)
2 creatures vanquished.

Vanquished Creatures (others)
  4 plants (D:6)
4 creatures vanquished.

Grand Total: 149 creatures vanquished

Notes
Turn   | Place    | Note
-------+----------+-------------------------------------------
     0 | D:1      | JOEMAMA2 the Minotaur Berserker began the quest for the
                  | Orb.
     0 | D:1      | Reached XP level 1. HP: 19/19 MP: 0/0
   106 | D:1      | Reached XP level 2. HP: 24/27 MP: 1/1
   117 | D:1      | Found a faded altar of an unknown god.
   744 | D:2      | Found Syetean's Antique Armour Shop.
   847 | D:2      | Reached XP level 3. HP: 30/33 MP: 2/2
   862 | D:2      | Reached ** piety under Trog
  1675 | D:3      | Reached XP level 4. HP: 23/40 MP: 3/3
  1683 | D:3      | Found a stormy altar of Qazlal.
  2472 | D:4      | Noticed a scorpion
  2478 | D:4      | Killed a scorpion
  2479 | D:4      | Reached XP level 5. HP: 47/47 MP: 4/4
  2486 | D:4      | Noticed an ogre
  2495 | D:4      | Killed an ogre
  2496 | D:4      | Reached skill level 5 in Fighting
  2496 | D:4      | Reached skill level 5 in Axes
  2496 | D:4      | Reached XP level 6. HP: 31/56 MP: 5/5
  2693 | D:4      | Found Dytwerr's Book Shoppe.
  2698 | D:4      | Found a basalt altar of Yredelemnul.
  2791 | D:4      | Reached *** piety under Trog
  2957 | D:4      | Found a hide-covered altar of Uskayaw.
  2957 | D:4      | Found an iron altar of Okawaru.
  2965 | D:4      | Found an opulent altar of Gozag.
  2966 | D:4      | Found a white marble altar of Elyvilon.
  3182 | D:5      | Entered Level 5 of the Dungeon
  3314 | D:5      | Reached skill level 5 in Armour
  3389 | D:5      | Reached XP level 7. HP: 62/62 MP: 6/6
  3707 | D:5      | Reached skill level 5 in Dodging
  4233 | D:5      | Reached XP level 8. HP: 37/71 MP: 7/7
  4962 | D:6      | Found Xakimapp's General Store.
  4970 | D:6      | Bought a +3 vorpal broad axe for 253 gold pieces
  4970 | D:6      | Bought a scroll of enchant armour for 82 gold pieces
  5508 | D:7      | Found a staircase to the Ecumenical Temple.
  5787 | D:7      | Reached **** piety under Trog
  5842 | D:7      | Reached XP level 9. HP: 62/81 MP: 8/8
  6380 | D:8      | Found an ancient bone altar of Kikubaaqudgha.
  6502 | D:8      | You fall into a shaft and drop 3 floors!
  6511 | D:11     | Noticed a troll
  6515 | D:11     | Killed a troll
  6686 | D:11     | Noticed Psyche
  6693 | D:11     | Killed Psyche
  6753 | D:11     | Found a runed translucent gate.
  6753 | D:11     | Found a runed translucent gate.
  6754 | D:11     | Found a runed translucent gate.
  6755 | D:11     | Noticed GiantSquids's ghost (journeyman GrEE)
  6755 | D:11     | Noticed a kobold demonologist
  6755 | D:11     | Noticed a kobold demonologist
  6756 | D:11     | Noticed a kobold demonologist
  6944 | D:11     | Noticed Lodul
  6957 | D:11     | Reached XP level 10. HP: 81/91 MP: 9/9
  6970 | D:11     | Killed from afar by Lodul

Illustrated notes

Levels and vault maps discovered:
D:1:      lemuel_arrival_tunnels, layout_rooms,
          hellmonk_ecumenical_altar_heavens_door, grunt_decor_fettered
D:2:      layout_basic, serial_shops, shop
D:3:      layout_loops_ring, mainiacjoe_overflow_surrounded_room,
          grunt_ministairs_10, minivault_14
D:4:      layout_cave_pools, lemuel_crystal_altar,
          nicolae_overflow_two_pavilions, mainiacjoe_overflow_big_doors,
          nicolae_stop_n_shop_1, minmay_circle_x
D:5:      layout_basic, serial_rivers, chequers_serial_rivers_small_a,
          chequers_serial_rivers_micro_a, chequers_serial_rivers_micro_e,
          chequers_serial_rivers_large_b, chequers_serial_rivers_micro_e,
          chequers_serial_rivers_small_b
D:6:      layout_basic, serial_shops, shop, serial_bayou, serial_bayou_shore_b,
          serial_bayou_pond_d, serial_bayou_pond_b, serial_bayou_pond_d
D:7:      layout_gridville, minmay_temple_entry_stoned_glass,
          minmay_misc_feat_columns
D:8:      layout_basic, mainiacjoe_overflow_alcove_1,
          nicolae_hepliaklqana_hazy_memory, david_lair_shrubbed, uniq_joseph
D:11:     layout_basic, gammafunk_ghost_nasty_kobolds, uniq_psyche, uniq_lodul

Skill      XL: |  1  2  3  4  5  6  7  8  9 |
---------------+----------------------------+-----
Axes           | 4 5 6 7 9 |  9.5
Fighting       | 4 5 6 8 9 |  9.5
Armour         | 3 4 5 6 7 9 |  9.1
Dodging        | 3 4 5 6 8 |  8.2

Action                   |  1- 3 |  4- 6 |  7- 9 | 10-12 || total
-------------------------+-------+-------+-------+-------++-------
Melee: Hand axe          |    90 |   130 |   127 |       ||   347
       Headbutt          |    12 |    16 |    23 |     2 ||    53
       Broad axe         |       |       |    81 |     8 ||    89
       Punch             |       |       |     1 |       ||     1
Invok: Berserk           |       |     1 |     5 |       ||     6
       Trog's Hand       |       |     1 |       |       ||     1
       Brothers in Arms  |       |       |       |     1 ||     1
  Use: Scroll            |     1 |     6 |     8 |       ||    15
       Potion            |       |       |    11 |     1 ||    12
Armor: Animal skin       |     7 |       |       |       ||     7
       Scale mail        |     7 |       |       |       ||     7
       Chain mail        |    20 |    58 |       |       ||    78
       Plate armour      |       |    15 |   107 |     1 ||   123
Dodge: Dodged            |    45 |    57 |   102 |     6 ||   210

Table legend: (Time is in decaauts)
 A = Elapsed time spent in this place.
 B = Non-inter-level travel time spent in this place.
 C = Inter-level travel time spent in this place.
 D = Time resting spent in this place.
 E = Time spent auto-exploring this place.
 F = Levels seen in this place.
 G = Mean time per level.
                   A        B        C        D        E       F      G
               +--------+--------+--------+--------+--------+-----+--------+
         Total |   7111 |   6834 |    277 |    142 |   5501 |   9 |  790.1 |
       Dungeon |   7111 |   6834 |    277 |    142 |   5501 |   9 |  790.1 |
               +--------+--------+--------+--------+--------+-----+--------+

Top non-repeatable levels by time:
     D:7: 1114 daAuts
     D:5: 1103 daAuts
     D:6: 1072 daAuts
     D:3: 1022 daAuts
     D:2: 877 daAuts
     D:4: 720 daAuts
     D:1: 584 daAuts
    D:11: 493 daAuts
     D:8: 123 daAuts
